 Dungeon Crawl Stone Soup version 0.24-a0-139-geb6712d (webtiles) character file.

Game seed: 9791837932074332102

205 jerryfan the Skirmisher (level 5, -8/34 HPs)
             Began as a Gargoyle Fighter on Mar 2, 2019.
             Splashed by an orc's acid (13 damage)
             ... on level 4 of the Dungeon.
             The game lasted 00:03:52 (2451 turns).

jerryfan the Skirmisher (Gargoyle Fighter)          Turns: 2451, Time: 00:03:52

Health: -8/34      AC:  9    Str: 23    XL:     5   Next: 83%
Magic:  5/5        EV:  7    Int:  9    God:
Gold:   71         SH:  9    Dex:  9    Spells: 4/4 levels left

rFire    . . .     SeeInvis .   a - +0 flail
rCold    . . .     Gourm    .   c - +0 shield
rNeg     + . .     Faith    .   b - +0 scale mail
rPois    ∞         Spirit   .   t - +0 helmet
rElec    +         Reflect  .   y - +0 cloak
rCorr    .         Harm     .   (no gloves)
MR       .....                  (no boots)
Stlth    ..........             (no amulet)
HPRegen  0.11/turn              r - +3 ring of strength
MPRegen  0.09/turn              (no ring)

@: corroded
A: negative energy resistance 1, electricity resistance, unbreathing,
petrification resistance, rot immunity, AC +4
a: no special abilities


You were on level 4 of the Dungeon.
You were not hungry.

You visited 1 branch of the dungeon, and saw 4 of its levels.

You collected 71 gold pieces.

Inventory:

Hand Weapons
 a - a +0 flail (weapon)
Missiles
 i - 152 stones (quivered)
Armour
 b - a +0 scale mail (worn)
 c - a +0 shield (worn)
 t - a +0 helmet (worn)
 y - a +0 cloak (worn)
Jewellery
 r - a +3 ring of strength (left hand)
 B - an uncursed amulet of faith {unknown}
Wands
 w - a wand of enslavement (12)
Scrolls
 e - a scroll of enchant weapon {unknown}
 h - a scroll of teleportation
 l - a scroll of noise {unknown}
 n - a scroll of fear {unknown}
 o - a scroll of identify {unknown}
 p - 2 scrolls of fog
 s - a scroll of magic mapping {unknown}
 v - a scroll of enchant armour {unknown}
 x - a scroll of amnesia {unknown}
 A - a scroll of blinking {unknown}
Potions
 d - 2 potions of might
 g - 2 potions of heal wounds
 j - 2 potions of degeneration {unknown}
 k - 2 potions of curing {unknown}
 m - 2 potions of flight {unknown}
 q - a potion of berserk rage {unknown}
 u - a potion of mutation {unknown}
Comestibles
 f - 5 rations
 z - 8 chunks of flesh


   Skills:
 + Level 4.8 Fighting
 + Level 3.7 Maces & Flails
 + Level 4.8 Armour
 - Level 3.2 Shields


You had 4 spell levels left.
You didn't know any spells.
Your spell library was empty.

Dungeon Overview and Level Annotations

Branches:
Dungeon (4/15)
 Temple: D:4-7

Altars:


Innate Abilities, Weirdness & Mutations

You are resistant to torment.
Your stone body is resilient. (AC +4)
You are immune to poison.
You resist negative energy. (rN+)
You are resistant to electric shocks. (rElec)
You can survive without breathing.
You are immune to petrification.
You are immune to rotting.


Message History

The orc barely misses you.
You block the bullfrog skeleton's attack.
You sock the bullfrog skeleton!
You destroy the bullfrog skeleton!
The orc hits you but does no damage. The orc barely misses you.
You hit the orc.
You kill the orc!
An orc comes into view. It is wielding a +0 club.
The orc shouts!
You hear a shout!
The orc completely misses you.
Found 7 gold pieces and 16 sling bullets.
You closely miss the orc. The orc hits you but does no damage.
Your scale mail prevents you from hitting the orc.
An orc comes into view. It is wielding a +0 trident.
The orc hits you but does no damage.
You closely miss the orc.
The orc zaps a wand.
The bolt of acid hits you!
You are splashed with acid!
The orc zaps a wand.
The bolt of acid hits you!
* * * LOW HITPOINT WARNING * * *
The acid corrodes you!
You are splashed with acid!
You die...

(.............#
..............#
.......o......#
##............
#...........# .
............##..
......oo........
..)....@.....#
$..#....†....###
#...........#
........)..##...
#..##.......# .
.. #......... .
#......##...
.........#..##
..##.........


You could see 3 orcs.

Vanquished Creatures
  An orc priest (D:4)
  A bullfrog skeleton (D:4)
  Natasha (twice) (D:2)
  3 adders (D:2)
  A shadow imp (D:2)
  An ooze (D:1)
  A worm (D:3)
  3 leopard geckos
  7 orcs
  2 ball pythons
  2 giant cockroaches
  5 goblins
  2 hobgoblins
  9 jackals
  A kobold (D:3)
  5 bats
  2 frilled lizards
  3 rats
51 creatures vanquished.

Notes
Turn   | Place    | Note
-------+----------+-------------------------------------------
     0 | D:1      | jerryfan the Gargoyle Fighter began the quest for the Orb.
     0 | D:1      | Reached XP level 1. HP: 14/14 MP: 1/1
   168 | D:1      | Reached XP level 2. HP: 17/19 MP: 2/2
   638 | D:2      | Noticed Natasha
   643 | D:2      | Killed Natasha
   643 | D:2      | Reached XP level 3. HP: 12/24 MP: 3/3
  1187 | D:2      | Reached XP level 4. HP: 26/29 MP: 4/4
  1434 | D:2      | Noticed Natasha
  1457 | D:2      | Killed Natasha
  1798 | D:3      | Reached XP level 5. HP: 31/34 MP: 5/5
  2451 | D:4      | Splashed by an orc's acid

Levels and vault maps discovered:
D:1:      lightli_arrival_statue_moat, layout_basic
D:2:      layout_basic, first_ration, uniq_natasha
D:3:      layout_loops_ring, minivault_25
D:4:      layout_cave_pools

Skill      XL: |  1  2  3  4 |
---------------+-------------+-----
Fighting       | 4 |  4.8
Armour         | 4 |  4.8
Maces & Flails | 3 |  3.7
Shields        | |  3.2

Action                   |  1- 3 |  4- 6 || total
-------------------------+-------+-------++-------
Melee: Flail             |    70 |   169 ||   239
  Use: Scroll            |       |     2 ||     2
       Potion            |       |     1 ||     1
  Eat: Chunk             |     1 |     4 ||     5
Armor: Scale mail        |    40 |   149 ||   189
Dodge: Dodged            |    21 |    73 ||    94
Block: Shield            |    32 |   128 ||   160

Table legend:
 A = Non-vault XP
 B = Vault XP
 C = Vault XP percentage of total XP
 D = Non-vault monster count
 E = Vault monster count
 F = Vault count percentage of total count
                 A         B        C        D         E       F
            +---------+---------+-------+---------+---------+-------
      Total |     259 |      35 |  11.9 |      50 |       1 |   2.0
            +---------+---------+-------+---------+---------+-------
        D:1 |      20 |       0 |   0.0 |       9 |       0 |   0.0
        D:2 |     100 |      35 |  25.9 |      13 |       1 |   7.1
        D:3 |      49 |       0 |   0.0 |      22 |       0 |   0.0
        D:4 |      90 |       0 |   0.0 |       6 |       0 |   0.0
            +---------+---------+-------+---------+---------+-------
